Cogmind - Beta 11.1 @@@ ROGUE MODE // 2022.06.06 @ 06:04:04 Player: woegarden Result: Destroyed by H-66 Slayer with Gauss Rifle Performance ------------- Evolutions (4) 2000 Regions Visited (9) 1800 Robots Destroyed (57) 285 Value Destroyed (1678) 1678 Prototype IDs (8) 160 Alien Tech Used (0) 0 Bonus (324) 324 TOTAL SCORE: 6247 Bonus ------- High Alert Combat Kills 52 Follower Combat Kills 272 Cogmind --------- Core Integrity 0/850 Matter 55/300 Energy 98/100 System Corruption 4% Temperature Cool (0) Movement Core (50) Location -6/Factory Parts ------- > --- POWER (2) -------- (None) > --- PROPULSION (5) --- (None) > --- UTILITY (5) ------ Advanced Targeting Computer > --- WEAPON (3) ------- (None) > --- INVENTORY (5) ---- Fusion Compressor Armored Leg Medium Storage Unit Peak State ------------ > --- POWER ------------ Reinforced Deuterium Engine Antimatter Reactor > --- PROPULSION ------- Heavy Treads Heavy Treads > --- UTILITY ---------- Improved Cooling System Improved Cooling System Medium Storage Unit Dynamic Insulation System > --- WEAPON ----------- Wave Gun Heavy Beamcaster Minigun > --- INVENTORY -------- Heavy Treads Heavy Treads Damper Plating Gatling Laser Heavy Pick [Rating: 68] Favorites ----------- Power Light Ion Engine Engine Light Ion Engine Power Core Fusion Compressor Reactor Antimatter Reactor Propulsion Heavy Treads Treads Heavy Treads Leg Aluminum Leg Wheel Wheel Hover Unit Gravmag System Flight Unit Flight Unit Utility Medium Storage Unit Device Improved Cooling System Storage Medium Storage Unit Processor Signal Interpreter Protection Improved Medium Armor Plating Weapon Light Assault Rifle Energy Gun Wave Gun Energy Cannon Improved EM Pulse Cannon Ballistic Gun Light Assault Rifle Ballistic Cannon Light Cannon Build | -11 -10 -10 -9 -8 -8 -7 -7 -7 -6 ------- Run | Scr Mat Min Mat Mat Sto Fac Was Fac Fac Slots Evolved 8 | . . . 2 2 . 2 . . 2 Power 1 | . . . . 1 . . . . . Propulsion 3 | . . . 1 . . 1 . . 1 Utility 3 | . . . 1 1 . . . . 1 Weapon 1 | . . . . . . 1 . . . Parts Attached 101 | . 6 12 7 7 4 3 11 28 23 Power 17 | . 1 2 . 3 1 . 2 4 4 Engine 12 | . 1 2 . 3 1 . 1 3 1 Core 4 | . . . . . . . . 1 3 Reactor 1 | . . . . . . . 1 . . Propulsion 24 | . 2 2 3 . . 1 2 9 5 Treads 5 | . . . . . . . 2 2 1 Leg 3 | . . . . . . 1 . . 2 Wheel 5 | . 2 . . . . . . 1 2 Hover 3 | . . . . . . . . 3 . Flight 8 | . . 2 3 . . . . 3 . Utility 31 | . . 3 3 3 3 . 3 8 8 Device 17 | . . 2 . 2 2 . 2 4 5 Storage 5 | . . . 3 . . . 1 . 1 Processor 6 | . . 1 . 1 1 . . 2 1 Hackware . | . . . . . . . . . . Protection 3 | . . . . . . . . 2 1 Artifact . | . . . . . . . . . . Weapon 29 | . 3 5 1 1 . 2 4 7 6 Energy Gun 17 | . . . 1 . . 2 3 7 4 Energy Cannon 1 | . . . . . . . . . 1 Ballistic Gun 10 | . 2 5 . 1 . . 1 . 1 Ballistic Cannon 1 | . 1 . . . . . . . . Launcher . | . . . . . . . . . . Special Weapon . | . . . . . . . . . . Impact Weapon . | . . . . . . . . . . Slashing Weapon . | . . . . . . . . . . Piercing Weapon . | . . . . . . . . . . Special Melee Weapon . | . . . . . . . . . . Unidentified Prototypes 8 | . . 1 2 . 1 1 . 3 . Corrupted Parts 1 | . . . . . . . . 1 . System Corruption 1 | . . . . . . . . 1 . Parts Lost 53 | . 3 3 1 1 . 4 . 16 25 Power 12 | . 2 . . . . 1 . 4 5 Propulsion 15 | . . 1 1 . . 2 . 4 7 Utility 10 | . . . . 1 . . . 2 7 Weapon 16 | . 1 2 . . . 1 . 6 6 Highest Loss Streak 14 | . 1 2 1 1 . 1 . 6 14 To Critical Strikes 1 | . . . . . . 1 . . . Average Slot Usage (%) 78 | . 75 94 98 98 90 62 77 80 46 Engine 8 | . 10 13 11 18 12 7 7 7 1 Reactor 1 | . . . . . . . 3 4 . Treads 5 | . . . . . . . 14 10 2 Leg 4 | . 22 . . . . 3 . . 4 Wheel 1 | . 5 3 . . . . . . 2 Hover 1 | . . . . . . . . 5 1 Flight 8 | . . 23 31 27 27 12 . . 1 Device 12 | . . 11 11 16 10 15 22 17 6 Storage 7 | . 14 2 10 9 9 7 7 7 4 Processor 5 | . . 11 11 9 14 7 . 3 10 Energy Gun 9 | . 9 . 8 9 7 6 13 16 2 Ballistic Gun 8 | . 12 25 13 9 9 . 6 2 1 Naked Turns . | . . . . . . . . . . Heaviest Build 61 | 11 12 12 17 22 22 22 60 61 30 Greatest Support 140 | 20 26 26 13 22 22 22 140 140 45 Greatest Overweight (x) 13 | . . 2 1 . . 1 1 13 4 Average Overweight (x) . | . . . . . . . . . . Largest Inventory Capacity 10 | 8 8 8 10 8 8 8 10 10 10 Average Capacity 8 | 8 8 5 8 8 8 8 9 10 8 Most Carried 10 | 6 8 8 8 8 8 8 10 10 10 Average Carried 7 | 6 7 5 7 7 7 7 9 8 2 Final Capacity 10 | 8 8 5 8 8 8 8 10 10 5 Final Carried 10 | 6 7 5 8 8 8 7 10 10 3 Class Distribution -------------------- 40% | Mutant 33% | Scavenger-Gunner 24% | Scavenger-Mutant Dominant Class ---------------- Mutant | -10/Materials Scavenger-Mutant | -10/Mines Scavenger-Mutant | -9/Materials Scavenger-Mutant | -8/Materials Scavenger-Mutant | -8/Storage Mutant | -7/Factory Scavenger-Gunner | -7/Waste Scavenger-Gunner | -7/Factory Mutant | -6/Factory Resources | -11 -10 -10 -9 -8 -8 -7 -7 -7 -6 ----------- Run | Scr Mat Min Mat Mat Sto Fac Was Fac Fac Matter Collected 1265 | 200 87 77 232 . 15 . 228 283 143 Remotely . | . . . . . . . . . . Salvage Created 1969 | . 209 60 424 . 15 . . 1120 141 Parts 127 | . 22 12 30 . 2 . . 52 9 Haulers Intercepted 2 | . . . 2 . . . . . . Recyclers Shooed 2 | . . . . . . . . 1 1 Parts Field Recycled . | . . . . . . . . . . Retrieved Matter . | . . . . . . . . . . Parts Self-Destructed . | . . . . . . . . . . Prevented . | . . . . . . . . . . Kills | -11 -10 -10 -9 -8 -8 -7 -7 -7 -6 ------- Run | Scr Mat Min Mat Mat Sto Fac Was Fac Fac Combat Hostiles Destroyed 47 | . 11 7 6 . . . . 21 2 Guns 37 | . 9 2 6 . . . . 18 2 Cannons 7 | . 2 5 . . . . . . . AOE 1 | . . . . . . . . 1 . Classes Destroyed 9 | . 2 . 3 . 1 . . 3 . Worker 3 | . . . 1 . . . . 2 . Builder 2 | . . . . . . . . 1 1 Hauler 2 | . . . 2 . . . . . . Recycler 2 | . . . . . . . . 2 . Operator 1 | . . . . . 1 . . . . Swarmer 19 | . 9 7 . . . . . 3 . Grunt 18 | . 2 . 2 . . . . 12 2 Sentry 7 | . . . 4 . . . . 3 . Programmer 3 | . . . . . . . . 3 . Best Kill Streak 6 | . 3 3 6 . 1 . . 5 1 Combat Bots Only 4 | . 3 3 3 . . . . 4 1 Max Kills in Single Turn 2 | . 1 1 1 . 1 . . 2 1 Gunslinging 1 | . . . . . . . . 1 . Exploded 1 | . . . . . . . . 1 . Melee . | . . . . . . . . . . Uniques/NPCs Destroyed . | . . . . . . . . . . Combat | -11 -10 -10 -9 -8 -8 -7 -7 -7 -6 -------- Run | Scr Mat Min Mat Mat Sto Fac Was Fac Fac Damage Taken 7473 | . 462 270 185 74 118 438 . 2787 3139 Core 1706 | . 96 43 21 45 77 137 . 419 868 Absorbed by Shields . | . . . . . . . . . . Core Remaining (%) 67 | 100 . 44 94 . 77 . . 20 . Volleys Fired 179 | . 46 19 24 1 1 7 . 61 20 Largest 3 | . 2 2 2 2 2 1 . 3 2 Hottest 242 | . 60 55 81 81 86 61 . 242 99 Shots Fired 323 | . 68 25 48 2 2 7 . 148 23 Gun 304 | . 61 13 48 2 2 7 . 148 23 Cannon 19 | . 7 12 . . . . . . . Launcher . | . . . . . . . . . . Special . | . . . . . . . . . . Kinetic 138 | . 53 25 24 1 1 4 . 16 14 Thermal 150 | . . . 24 1 1 3 . 114 7 Explosive . | . . . . . . . . . . Electromagnetic 35 | . 15 . . . . . . 18 2 Robot Hit Streak 24 | . 7 3 6 5 6 1 . 20 24 Robot Miss Streak 5 | . 5 3 3 . . 1 . 4 1 Penetration Max . | . . . . . . . . . . Secondary Targets 6 | . . . 3 . . . . 3 . Max Gunslinging Chain 1 | . . . 1 . . . . 1 . Shots Hit Robots 211 | . 36 13 30 2 1 3 . 105 21 Core Hits 107 | . 18 7 13 . 1 1 . 57 10 Critical Kills . | . . . . . . . . . . Critical Parts Destroyed . | . . . . . . . . . . Critical Strikes 9 | . 1 . 5 . . . . 3 . Burn 8 | . . . 5 . . . . 3 . Corrupt 1 | . 1 . . . . . . . . Melee Attacks . | . . . . . . . . . . Impact . | . . . . . . . . . . Slashing . | . . . . . . . . . . Piercing . | . . . . . . . . . . Sneak Attacks . | . . . . . . . . . . Combat Hostiles . | . . . . . . . . . . Follow-up Attacks . | . . . . . . . . . . Damage Inflicted 4372 | . 360 218 443 27 20 66 . 2706 532 Guns 3579 | . 302 42 443 27 20 54 . 2245 446 Cannons 225 | . 49 176 . . . . . . . Explosions 452 | . . . . . . . . 452 . Melee . | . . . . . . . . . . Ramming 116 | . 9 . . . . 12 . 9 86 Kinetic 1072 | . 248 218 103 7 . 34 . 175 287 Thermal 2805 | . . . 340 20 20 20 . 2289 116 Explosive . | . . . . . . . . . . Electromagnetic 379 | . 103 . . . . . . 233 43 Impact . | . . . . . . . . . . Slashing . | . . . . . . . . . . Piercing . | . . . . . . . . . . Highest Corruption 5 | . 3 3 . . . . . 5 4 Average Corruption 2 | . 1 3 . . . . . 3 3 Corruption Purged . | . . . . . . . . . . Corruption Blocked . | . . . . . . . . . . Effects 23 | . 5 5 . . . . . 6 7 Message Errors 5 | . 2 1 . . . . . 1 1 Matter Fused 6 | . 1 2 . . . . . 1 2 Heat Flow Errors 3 | . . . . . . . . 1 2 Energy Discharges 2 | . . 1 . . . . . 1 . Parts Rejected 1 | . . . . . . . . 1 . Data Loss (minor) 1 | . . . . . . . . . 1 Data Loss (major) 4 | . 2 1 . . . . . . 1 Alerts 1 | . . . . . . . . 1 . Overload Shots . | . . . . . . . . . . Overflow Damage 109 | . . . . . . . . 109 . Projectiles . | . . . . . . . . . . Explosions 109 | . . . . . . . . 109 . Melee . | . . . . . . . . . . Knockbacks 6 | . 1 4 . . . . . . 1 Impact 2 | . 1 . . . . . . . 1 Kinetic 4 | . . 4 . . . . . . . Secondary . | . . . . . . . . . . Self-Inflicted Damage 81 | . 3 . . . . 6 . 46 26 Shots 1 | . . . . . . . . 1 . Rammed 13 | . 3 . . . . 2 . 1 7 Targets Rammed 28 | . 4 . . . . 2 . 1 21 Kicked 15 | . 1 . . . . . . . 14 Crushed . | . . . . . . . . . . Highest Temperature 400 | . 58 28 147 57 44 50 . 400 368 Average Temperature 96 | . 14 11 50 23 25 16 . 114 165 Received Heat Transfer 2287 | . 66 . 63 27 45 78 . 957 1051 Effects 9 | . . . . . . . . 4 5 Shutdowns 3 | . . . . . . . . 1 2 Interference 5 | . . . . . . . . 3 2 Matter Decay 1 | . . . . . . . . . 1 Siege Activations . | . . . . . . . . . . Robots Corrupted . | . . . . . . . . . . Combat Hostiles . | . . . . . . . . . . Parts Fried . | . . . . . . . . . . Impact Corruptions . | . . . . . . . . . . Robots Melted 2 | . . . . . . . . 2 . Combat Hostiles 2 | . . . . . . . . 2 . Parts Melted 9 | . . . 1 . . . . 8 . Heat Transferred 5170 | . . . 999 37 37 37 . 3838 222 Parts Sabotaged . | . . . . . . . . . . Parts Stolen . | . . . . . . . . . . Parts Stripped . | . . . . . . . . . . Power Chain Reactions 1 | . . . . . . . . 1 . Missiles Intercepted . | . . . . . . . . . . Alert | -11 -10 -10 -9 -8 -8 -7 -7 -7 -6 ------- Run | Scr Mat Min Mat Mat Sto Fac Was Fac Fac Peak Influence 614 | . 220 192 614 196 282 203 2 318 170 Initial 174 | . . 52 . 174 82 128 2 . 155 Average 124 | . 82 136 353 177 148 144 1 131 121 Maximum Alert Level 2 | . 1 . 2 . 1 1 . 1 . Low Security (%) 83 | 100 98 100 26 100 82 83 100 69 100 Level 1 11 | . 1 . 22 . 17 16 . 30 . Level 2 4 | . . . 50 . . . . . . Level 3 . | . . . . . . . . . . Level 4 . | . . . . . . . . . . Level 5 . | . . . . . . . . . . High Security . | . . . . . . . . . . Max Security . | . . . . . . . . . . Squads Dispatched 16 | . 2 . 1 2 . 4 . 7 . Investigation 5 | . . . . 1 . 3 . 1 . Extermination 2 | . . . . . . . . 2 . Reinforcement 6 | . 2 . 1 1 . 1 . 1 . Assault . | . . . . . . . . . . Garrison 3 | . . . . . . . . 3 . Intercept . | . . . . . . . . . . Searches Triggered . | . . . . . . . . . . Construction Impeded . | . . . . . . . . . . Haulers Reinforced 1 | . . . . . . . . 1 . Active Scanning Responses . | . . . . . . . . . . Cargo Convoy Interrupts . | . . . . . . . . . . Stealth | -11 -10 -10 -9 -8 -8 -7 -7 -7 -6 --------- Run | Scr Mat Min Mat Mat Sto Fac Was Fac Fac Distress Signals 6 | . 2 . 1 . 2 . . 1 . Communications Jammed . | . . . . . . . . . . Distress Signals . | . . . . . . . . . . Times Spotted 122 | . 25 8 18 7 13 9 . 24 18 Peak Tracking Total 10 | . 6 3 5 8 10 4 . 7 5 Tactical Retreats 14 | . 2 . 1 . 1 3 . 2 5 Traps | -11 -10 -10 -9 -8 -8 -7 -7 -7 -6 ------- Run | Scr Mat Min Mat Mat Sto Fac Was Fac Fac Traps Triggered 6 | . 3 . . . . 2 . . 1 Indirectly . | . . . . . . . . . . Trap Hack Attempts . | . . . . . . . . . . Triggered . | . . . . . . . . . . Disarmed . | . . . . . . . . . . Reprogrammed . | . . . . . . . . . . Reused . | . . . . . . . . . . Traps Extracted . | . . . . . . . . . . Installed . | . . . . . . . . . . Triggered . | . . . . . . . . . . Machines | -11 -10 -10 -9 -8 -8 -7 -7 -7 -6 ---------- Run | Scr Mat Min Mat Mat Sto Fac Was Fac Fac Machines Disabled 4 | . . . . . . . . 4 . Max in Single Turn 3 | . . . . . . . . 3 . Machines Sabotaged . | . . . . . . . . . . Garrisons Compromised . | . . . . . . . . . . Overloaded Fab Kills . | . . . . . . . . . . Hacking | -11 -10 -10 -9 -8 -8 -7 -7 -7 -6 --------- Run | Scr Mat Min Mat Mat Sto Fac Was Fac Fac Machines Accessed 9 | . . . . 2 3 2 . 2 . Terminals 6 | . . . . 1 3 1 . 1 . Fabricators 1 | . . . . . . 1 . . . Repair Stations . | . . . . . . . . . . Recycling Units 1 | . . . . . . . . 1 . Scanalyzers 1 | . . . . 1 . . . . . Garrison Access . | . . . . . . . . . . Total Hacks 22 | . . . . 5 6 6 . 5 . Successful 11 | . . . . 3 3 3 . 2 . Failed 11 | . . . . 2 3 3 . 3 . Catastrophic 3 | . . . . 2 . . . 1 . Database Lockouts . | . . . . . . . . . . Manual 12 | . . . . 3 3 3 . 3 . Terminals 17 | . . . . 3 6 4 . 4 . Fabricators 2 | . . . . . . 2 . . . Repair Stations . | . . . . . . . . . . Recycling Units 1 | . . . . . . . . 1 . Scanalyzers 2 | . . . . 2 . . . . . Garrison Access . | . . . . . . . . . . Terminal Hacks 6 | . . . . 1 3 1 . 1 . Record 2 | . . . . . . 1 . 1 . Part Schematic 2 | . . . . 1 1 . . . . Open Door 2 | . . . . . 2 . . . . Fabricator Hacks 2 | . . . . . . 2 . . . Load Schematic 1 | . . . . . . 1 . . . Build 1 | . . . . . . 1 . . . Repair Station Hacks . | . . . . . . . . . . Recycling Unit Hacks 1 | . . . . . . . . 1 . Report Inventory 1 | . . . . . . . . 1 . Scanalyzer 2 | . . . . 2 . . . . . Insert Component 2 | . . . . 2 . . . . . Garrison Access Hacks . | . . . . . . . . . . Unauthorized Hacks . | . . . . . . . . . . Terminals . | . . . . . . . . . . Fabricators . | . . . . . . . . . . Repair Stations . | . . . . . . . . . . Recycling Units . | . . . . . . . . . . Scanalyzers . | . . . . . . . . . . Garrison Access . | . . . . . . . . . . Data Cores Recovered 1 | . . . . . 1 . . . . Used 1 | . . . . . 1 . . . . Hacking Detections 6 | . . . . 1 1 2 . 2 . Full Trace Events 4 | . . . . 1 . 2 . 1 . Feedback Events . | . . . . . . . . . . Feedback Blocked . | . . . . . . . . . . Robot Schematics Acquired . | . . . . . . . . . . Robots Built . | . . . . . . . . . . Authchips . | . . . . . . . . . . Time . | . . . . . . . . . . Total Robot Build Rating . | . . . . . . . . . . Part Schematics Acquired 2 | . . . . 1 1 . . . . Parts Built . | . . . . . . . . . . Authchips . | . . . . . . . . . . Time 73 | . . . . . . 73 . . . Total Part Build Rating . | . . . . . . . . . . Parts Repaired . | . . . . . . . . . . Time . | . . . . . . . . . . Parts Recycled . | . . . . . . . . . . Recycled Matter . | . . . . . . . . . . Retrieved Matter . | . . . . . . . . . . Retrieved Components . | . . . . . . . . . . Parts Scanalyzed . | . . . . . . . . . . Part Schematics Acquired . | . . . . . . . . . . Parts Damaged . | . . . . . . . . . . Bothacking | -11 -10 -10 -9 -8 -8 -7 -7 -7 -6 ------------ Run | Scr Mat Min Mat Mat Sto Fac Was Fac Fac Used RIF Installer . | . . . . . . . . . . Robots Hacked . | . . . . . . . . . . Non-combat . | . . . . . . . . . . Combat . | . . . . . . . . . . Robot Hacks Applied . | . . . . . . . . . . Relay Couplers Released 4 | . . . . . . . . 4 . Programmers 4 | . . . . . . . . 4 . Fabnet Peak Effective % . | . . . . . . . . . . Robots Rewired . | . . . . . . . . . . Allies Hacked . | . . . . . . . . . . Hacks Repelled . | . . . . . . . . . . Allies | -11 -10 -10 -9 -8 -8 -7 -7 -7 -6 -------- Run | Scr Mat Min Mat Mat Sto Fac Was Fac Fac Total Allies 4 | . . 4 . . . . . . . Largest Group 4 | . . 4 4 1 . . . . . Highest-Rated Group 71 | . . 71 71 16 . . . . . Highest-Rated Ally 31 | . . 31 31 16 . . . . . Total Orders . | . . . . . . . . . . Ally Attacks 50 | . . . 45 5 . . . . . Total Damage 633 | . . . 602 31 . . . . . Kills 13 | . . . 13 . . . . . . Allies Corrupted . | . . . . . . . . . . Allies Melted . | . . . . . . . . . . Intel | -11 -10 -10 -9 -8 -8 -7 -7 -7 -6 ------- Run | Scr Mat Min Mat Mat Sto Fac Was Fac Fac Robot Analysis Total . | . . . . . . . . . . Derelict Logs Recovered 3 | . . 3 . . . . . . . Drone Launches . | . . . . . . . . . . Drone Recoveries . | . . . . . . . . . . Exploration | -11 -10 -10 -9 -8 -8 -7 -7 -7 -6 ------------- Run | Scr Mat Min Mat Mat Sto Fac Was Fac Fac Turns Passed 4837 | 3 774 511 438 151 70 486 795 1198 411 Spaces Moved 4693 | 3 568 833 567 317 166 706 497 661 375 Core 170 | . . . . . . . . 1 169 Treads 913 | . . . . . . . 461 446 6 Legs 804 | 3 429 . . . . 237 36 . 99 Wheels 176 | . 139 31 . . . . . . 6 Hover 308 | . . . . . . . . 213 95 Flight 2322 | . . 802 567 317 166 469 . 1 . Fastest Speed 34 | 120 90 37 34 34 34 34 90 48 50 Average Speed 81 | 120 112 39 40 34 34 62 155 144 78 Slowest Speed 700 | 120 120 205 112 34 34 112 180 700 250 Overloaded Moves . | . . . . . . . . . . Propulsion Burnouts . | . . . . . . . . . . Robots Hopped 13 | . . 8 1 1 . 3 . . . Cave-ins Triggered . | . . . . . . . . . . Exploration Rate (%) 44 | 2 94 99 35 28 46 16 96 18 12 Regions Visited 9 Branch Regions 2 Pre-discovered Areas 1 | . . 1 . . . . . . . Known Exits Taken 3 | . . 1 1 1 . . . . . Unknown Exits Taken 4 | 1 1 . . . 1 . . 1 . Scrap Searched . | . . . . . . . . . . Spaces Dug . | . . . . . . . . . . Terrain Destroyed 16 | . . . . . . . . 16 . Melee . | . . . . . . . . . . Projectile . | . . . . . . . . . . AOE 16 | . . . . . . . . 16 . Terrain Rammed . | . . . . . . . . . . Walls Destroyed . | . . . . . . . . . . Machines Disabled . | . . . . . . . . . . Actions | -11 -10 -10 -9 -8 -8 -7 -7 -7 -6 --------- Run | Scr Mat Min Mat Mat Sto Fac Was Fac Fac Total 5418 | 2 643 987 733 355 180 748 524 781 465 Wait 309 | . 9 111 117 28 . 22 . 7 15 Move 4659 | 2 567 816 564 314 165 700 496 660 375 Hop 13 | . . 8 1 1 . 3 . . . Pick Up 51 | . 6 9 11 2 2 4 5 10 2 Fast Attach 48 | . 1 5 3 . 2 1 6 18 12 Attach 36 | . 2 3 2 2 2 3 3 8 11 Detach 19 | . . 1 . . 3 2 2 6 5 Swap 18 | . 3 4 2 5 . . 2 2 . Drop 58 | . 5 11 9 2 5 4 10 8 4 Fire 179 | . 46 19 24 1 1 7 . 61 20 Melee . | . . . . . . . . . . Ram 12 | . 3 . . . . 2 . . 7 Kick 15 | . 1 . . . . . . . 14 Crush 1 | . . . . . . . . 1 . Escape Stasis . | . . . . . . . . . . Rewire . | . . . . . . . . . . Trap . | . . . . . . . . . . Miscellaneous . | . . . . . . . . . . Route ------- -11/Scrapyard -10/Materials (discovered 5 exits: *Mat x3 / [*Min x2]) -10/Mines (discovered 2 exits: *Mat x2) -9/Materials (discovered 3 exits: *Mat x3) -8/Materials -8/Storage -7/Factory -7/Waste -7/Factory -6/Factory History --------- Turn | Location | Event 1 | -11/Scrapyard | Discovered new exit (range 2) 4 | -11/Scrapyard | Entered Materials 287 | -10/Materials | Discovered new exit (range 14) 316 | -10/Materials | Build established: Mutant 336 | -10/Materials | Discovered new exit (range 16) 524 | -10/Materials | Discovered new exit (range 16) 769 | -10/Materials | Discovered new exit (range 16) 770 | -10/Materials | Discovered new exit (range 3) 778 | -10/Materials | Entered Mines 815 | -10/Mines | Core integrity fell below 50% 935 | -10/Mines | Learned Materials terminal intel 939 | -10/Mines | Assisted by bots powering up and referring to "LRC-V3" 972 | -10/Mines | Discovered new exit (range 6) 984 | -10/Mines | Found a damaged Exp. Sensor Array with a note attached 987 | -10/Mines | Found Prototype Device 994 | -10/Mines | Discovered new exit (range 7) 995 | -10/Mines | Escorted by a lone wolf Derelict 1041 | -10/Mines | Learned 4 Materials zone layouts 1044 | -10/Mines | Identified Exp. Sensor Array 1062 | -10/Mines | Learned location of Zion (-7) 1130 | -10/Mines | Identified exit to Materials 1143 | -10/Mines | Build established: Scavenger-Mutant 1263 | -10/Mines | YI-UF0 nonchalantly dropped a Grenade Launcher on the ground 1289 | -10/Mines | Entered Materials 1289 | -9/Materials | Accompanied by 4 allies 1289 | -9/Materials | Evolved 2 slots: Propulsion x1, Utility x1 1290 | -9/Materials | Identified exit to Materials 1291 | -9/Materials | Loaded intel: 12 terminal locations 1727 | -9/Materials | Entered another Materials area 1727 | -8/Materials | Accompanied by 1 ally 1727 | -8/Materials | Evolved 2 slots: Power x1, Utility x1 1864 | -8/Materials | Discovered new exit (range 16) 1877 | -8/Materials | Identified exit to Storage 1878 | -8/Materials | Entered Storage 1943 | -8/Storage | Discovered new exit (range 15) 1948 | -8/Storage | Entered Factory 1948 | -7/Factory | Evolved 2 slots: Propulsion x1, Weapon x1 2180 | -7/Factory | Build established: Mutant 2434 | -7/Factory | Sucked down chute 2434 | -7/Factory | Entered Waste 2434 | -7/Waste | The area was eerily silent 2498 | -7/Waste | Found Unknown Protection 2742 | -7/Waste | Found Unknown Protection 2762 | -7/Waste | Build established: Scavenger-Gunner 2813 | -7/Waste | Discovered new exit (range 10) 3229 | -7/Waste | Entered Factory 4035 | -7/Factory | Garrison activated, responded to threat 4075 | -7/Factory | Core integrity fell below 50% 4132 | -7/Factory | Lost 6 parts (2p1n2u1w) 4190 | -7/Factory | Lost 4 parts (1p3w) 4412 | -7/Factory | Discovered new exit (range 6) 4427 | -7/Factory | Entered another Factory area 4427 | -6/Factory | Evolved 2 slots: Propulsion x1, Utility x1 4564 | -6/Factory | Lost 14 parts (3p3n4u4w) 4600 | -6/Factory | Core integrity fell below 50% 4708 | -6/Factory | Build established: Mutant 4720 | -6/Factory | Lost 5 parts (1p2u2w) 4792 | -6/Factory | Core integrity fell below 20% 4816 | -6/Factory | Lost 6 parts (1p4n1u) 4838 | -6/Factory | Destroyed by H-66 Slayer with Gauss Rifle Last Messages --------------- 04760_ Penetrated by Slug. 04760_ K-01 Serf destroyed. 04760_ Penetrated by Slug. 04762_ Extracted 17 matter. 04764_ R-10 Processor collects Lgt. Ion Engine. 04765_ ALERT: Security rotation in progress. 04767_ R-10 Processor collects Sml. Matter Pod. 04768_ Acquired Wheel. 04771_ Penetrated by Slug. 04775_ System corrupted: Substantial component data lost. 04777_ Penetrated by Slug. 04783_ Arm. Huge Wheel destroyed. 04783_ Penetrated by Slug. 04785_ Wheel destroyed. 04785_ Penetrated by Slug. 04791_ Slug penetrates Wall. 04823_ Slug penetrates Neutrino Reactor. 04825_ Slammed into U-05 Engineer. 04825_ U-05 Engineer destroyed. 04826_ Slug penetrates Wall. Map ----- +----------------------------------------------------+ | ????????????????????????# #?????????????? | | ???????????????##???????# #?????????????? | | ?????????????### ###????# #?????????????? | | ???????????? ????# #?????????????? | | ?????????????? ???# !=#?????????????? | | ??????????????! ???+ ##+############### | | ??????????????? !/??# #!% ! | | ???????????????""" !/??# # | | ????????????????"" !/ ?# # """ """ """ """ | | ???????????????""" ?# # """ """ """ """ | | ???????????????? # # """ """ """ """ | | ????????????????"" """ # # | | ????????????????"" """ + h | | ????????????????"" """ # # ! | | ???????????????? # ################## | | ???????????############?# #????????????????? | | ???????????# ??# #????????????????? | | ???????????# ?# #????????????????? | | ???????????#] ?# #????????????????? | | ???????????# ! # #????????????????? | | ???????????# # #????????????????? | | ???????????# ! + +????????????????? | | ???????????# # #????????????????? | | ???????????# # #????????????????? | | ???????????# ?# #????????????????? | | ???????????# ?#@ g#????????????????? | | ???????????# ! !??# #????????????????? | | ???????????# ??# #????????????????? | | ???????????##########???# #????????????????? | | ????????????????????????# #????????????????? | | ????????????????????????# #????????????????? | | ????????????????????????# #????????????????? | | ????????????????????????# #????????????????? | | ????????????????????????# #??######????????? | | ????????????????????????# #?? ????????? | | ????????????????????????# #? ?????????? | | ????????????????????????# %#? ??????????? | | ????????????????????????# k R# """" ??????????? | | ????????????????????????# # """" "?????????? | | ????????????????????????+ + """" "????????? | | ????????????????????????# # """" "?????????? | | ????????????????????????# # ????????? | | ????????????????????????# #? ???????? | | ????????????????????????# #? ???????? | | ????????????????????????# ################## | | ????????????????????????# # | | ????????????????????????# # """"""" """"""" | | ????????????????????????# # """"""" """"""" | | ????????????????????????# / """"""" """"""" | | ????????????????????????# # """"""" """"""" | +----------------------------------------------------+ Best States ------------- Heat Dissipation 88 Energy Generation 45 Energy Capacity 725 Matter Stores 300 Matter Capacity 300 Sight Range 20 Robot Scan Range 20 Terrain Scan Density 10 Power Amplification 20 Additional Mass Support 9 EM Shielding 2 Armor Coverage 225 Evasion (%) 63 Targeting Accuracy 16 Core Analysis 6 Recoil Reduction 4 Trap Extractor Capacity 4 Item Schematics ----------------- Trap Extractor | -8/Materials | Hacked Cesium-ion Thruster | -8/Storage | Hacked Robot Schematics ------------------ None Fabricated ------------ Nothing Alien Tech Used ----------------- None Achievements -------------- None Challenges ------------ None Game ------ Seed CatalystStructuralBooster Manual? 0 Play Time 01:03:19 Cumulative 85.7 hours Start 2022.06.06 @ 05:01:05 End 2022.06.06 @ 06:04:04 Sessions 1 Manual Loads 0 Difficulty Rogue Special Mode None Game No. 131 Rogue 85 Adventurer 45 Explorer 1 Win Type - Total 0 Types 0/0/0/0/0/0/0/0/0 Lore% 27 Gallery% 47 Achievement% 34 Wizard Run 0 Options --------- ASCII 0 Keyboard 0 Movement Mouse Keybinds 0 Fullscreen 2 Font 18/X11Bold Map View 76x50 Tactical HUD 1 Map Filters NONE Filters LOW_CONTRAST(13,24,33)|BRIGHTNESS(90)|SATURATION(87) Steam 1 RUN: 2635f0a9-e864-437b-a25c-47e97a1b638c